 Dungeon Crawl Stone Soup version 0.27.1-1-g398f81649c (webtiles) character file.

Game seed: 16550058536512701188

51 MisterFreud the Shield-Bearer (level 3, -1/35 HPs)
             Began as a Gnoll Fighter on Sept 15, 2021.
             Was a Believer of Ru.
             Succumbed to a water moccasin's poison
             ... on level 3 of the Dungeon.
             The game lasted 00:01:59 (1952 turns).

MisterFreud the Shield-Bearer (Gnoll Fighter)       Turns: 1952, Time: 00:02:00

Health: -1/35      AC:  9    Str: 15    XL:     3   Next: 81%
Magic:  4/4        EV:  8    Int:  8    God:    Ru [**....]
Gold:   83         SH: 10    Dex: 11    Spells: 4/4 levels left

rFire    + . .     SeeInvis .   a - +0 rapier
rCold    + . .     Faith    .   c - +0 kite shield
rNeg     . . .     Spirit   .   b - +0 scale mail
rPois    .         Reflect  .   (no helmet)
rElec    .         Harm     .   h - scarf {rC+ rF+}
rCorr    .         Rampage  .   j - +0 pair of gloves
Will     .....                  (no boots)
Stlth    ..........             (no amulet)
HPRegen  0.11/turn              (no ring)
MPRegen  0.09/turn              (no ring)

@: lethally poisoned (-1 -> -16)
A: fangs 1, hated by all, strong nose, distributed training
a: Renounce Religion


You were on level 3 of the Dungeon.
You worshipped Ru.
Ru was pleased with you.
You visited 1 branch of the dungeon, and saw 3 of its levels.

You collected 83 gold pieces.

Inventory:

Hand Weapons
 a - a +0 rapier (weapon)
Armour
 b - a +0 scale mail (worn)
 c - a +0 kite shield (worn)
 h - a scarf of resistance (worn)
 j - a +0 pair of gloves (worn)
 k - a scarf of repulsion
Scrolls
 f - a scroll of identify {unknown}
 g - a scroll of amnesia {unknown}
 m - a scroll of summoning {unknown}
Potions
 d - a potion of might
 i - a potion of berserk rage {unknown}
 l - a potion of mutation {unknown}


   Skills:
 + Level 6.5 Fighting
 + Level 4.6 Short Blades
 + Level 1.0 Long Blades
 + Level 1.0 Axes
 + Level 1.0 Maces & Flails
 + Level 1.0 Polearms
 + Level 1.0 Staves
 + Level 1.0 Slings
 + Level 1.0 Bows
 + Level 1.0 Crossbows
 + Level 1.0 Throwing
 + Level 6.5 Armour
 + Level 1.0 Dodging
 + Level 1.0 Stealth
 + Level 6.5 Shields
 + Level 1.0 Unarmed Combat
 + Level 1.0 Spellcasting
 + Level 0.7 Conjurations
 + Level 0.7 Hexes
   Level 0.3 Summonings
 + Level 0.7 Necromancy
 + Level 0.7 Translocations
 + Level 0.7 Transmutations
 + Level 0.7 Fire Magic
 + Level 0.7 Ice Magic
 + Level 0.7 Air Magic
 + Level 0.7 Earth Magic
 + Level 0.7 Poison Magic
 + Level 1.0 Invocations
 + Level 1.0 Evocations


You had 4 spell levels left.
You didn't know any spells.
Your spell library was empty.

Dungeon Overview and Level Annotations

Branches:
Dungeon (3/15)

Altars:
Ru


Innate Abilities, Weirdness & Mutations

You have very sharp teeth.
You are hated by all.
Your uncanny sense of smell can sniff out nearby items.
Your experience applies equally to all skills.


Message History

The water moccasin bites you.
The water moccasin bites you but does no damage.
You closely miss the water moccasin.
The water moccasin is severely wounded.
The water moccasin bites you but does no damage.
The water moccasin bites you.
A water moccasin is nearby!
You hit the water moccasin but do no damage.
You bite the water moccasin, but do no damage.
The water moccasin is severely wounded.
The water moccasin bites you.
You are poisoned.
The water moccasin poisons you!
A water moccasin is nearby!
You hit the water moccasin.
The water moccasin is almost dead.
You feel very sick.
You block the water moccasin's attack. x2
A water moccasin is nearby!
You are too injured to fight recklessly!
You are too injured to fight recklessly!
You miss the water moccasin.
The water moccasin is almost dead.
You feel very sick.
The water moccasin bites you but does no damage.
You closely miss the water moccasin.
The water moccasin is almost dead.
You feel very sick.
The water moccasin is stunned by your conviction and fails to attack.
You block the water moccasin's attack.
You closely miss the water moccasin.
The water moccasin is almost dead.
You feel sick. The water moccasin bites you!
* * * LOW HITPOINT WARNING * * *
You are more poisoned.
The water moccasin poisons you!
The water moccasin bites you but does no damage.
Unknown command.
It was a potion of cancellation.
You feel magically purged.
You die...

##......# .......#
####......# # .
#.......... .#.. ###
#......#####...#
...####.....)......###
.........##...)...?...
.........##.......##.
.........##...@...#
..........+...S.......
.####...###.....<.....
##......######........
.............#........
...##...#....#........
........#....#####....
..##....#.......# ....
......#.......#


You could see a water moccasin.

Vanquished Creatures
  An orc (D:3)
  4 ball pythons
  8 endoplasms
  2 goblins (D:1)
  3 hobgoblins
  3 jackals (D:1)
  3 quokkas
  5 bats
  3 frilled lizards (D:1)
  8 kobolds
  4 rats
44 creatures vanquished.

Vanquished Creatures (others)
  4 toadstools (D:1)
4 creatures vanquished.

Grand Total: 48 creatures vanquished

Notes
Turn   | Place    | Note
-------+----------+-------------------------------------------
     0 | D:1      | MisterFreud the Gnoll Fighter began the quest for the Orb.
     0 | D:1      | Reached XP level 1. HP: 23/23 MP: 1/1
   234 | D:1      | Reached XP level 2. HP: 25/29 MP: 2/2
   578 | D:1      | Found a faded altar of an unknown god.
   602 | D:1      | Became a worshipper of Ru the Awakened
   621 | D:1      | Gained mutation: You are hated by all. [Ru sacrifice]
   621 | D:1      | Reached * piety under Ru
   621 | D:1      | Reached ** piety under Ru
   684 | D:1      | Reached XP level 3. HP: 35/35 MP: 3/3
  1410 | D:2      | Reached skill level 1 in Invocations
  1931 | D:3      | Reached skill level 1 in Long Blades
  1931 | D:3      | Reached skill level 1 in Axes
  1931 | D:3      | Reached skill level 1 in Maces & Flails
  1931 | D:3      | Reached skill level 1 in Polearms
  1931 | D:3      | Reached skill level 1 in Staves
  1931 | D:3      | Reached skill level 1 in Slings
  1931 | D:3      | Reached skill level 1 in Bows
  1931 | D:3      | Reached skill level 1 in Crossbows
  1931 | D:3      | Reached skill level 1 in Throwing
  1931 | D:3      | Reached skill level 1 in Dodging
  1931 | D:3      | Reached skill level 1 in Stealth
  1931 | D:3      | Reached skill level 1 in Unarmed Combat
  1931 | D:3      | Reached skill level 1 in Spellcasting
  1931 | D:3      | Reached skill level 1 in Evocations
  1934 | D:3      | Noticed a water moccasin
  1952 | D:3      | Succumbed to a water moccasin's poison

Illustrated notes

Levels and vault maps discovered:
D:1:      ldierk_water_garden, layout_basic, chequers_ecumenical_altar_lobes
D:2:      layout_basic, roderic_nine_men_s_morris
D:3:      layout_basic, serial_shops, shop_statue

Skill      XL: |  1  2  3 |
---------------+----------+-----
Invocations    | 1 |  1.0
Long Blades    | 1 |  1.0
Axes           | 1 |  1.0
Maces & Flails | 1 |  1.0
Polearms       | 1 |  1.0
Staves         | 1 |  1.0
Slings         | 1 |  1.0
Bows           | 1 |  1.0
Crossbows      | 1 |  1.0
Throwing       | 1 |  1.0
Dodging        | 1 |  1.0
Stealth        | 1 |  1.0
Unarmed Combat | 1 |  1.0
Spellcasting   | 1 |  1.0
Evocations     | 1 |  1.0
Fighting       | |  6.5
Short Blades   | |  4.6
Armour         | |  6.5
Shields        | |  6.5
Conjurations   | |  0.7
Hexes          | |  0.7
Summonings     | |  0.3
Necromancy     | |  0.7
Translocations | |  0.7
Transmutations | |  0.7
Fire Magic     | |  0.7
Ice Magic      | |  0.7
Air Magic      | |  0.7
Earth Magic    | |  0.7
Poison Magic   | |  0.7

Action                   || total
-------------------------++-------
Melee: Rapier            ||   119
       Bite              ||     9
Invok: Sacrifice Love    ||     1
  Use: Potion            ||     1
Armor: Scale mail        ||    51
Dodge: Dodged            ||    33
Block: Kite shield       ||    55
